 Dungeon Crawl Stone Soup version 0.26-a0-1107-g6118521029 (webtiles) character file.

Game seed: 11857650378839332035

6545 Sekkong the Protected (level 10, -5/93 HPs)
             Began as a Minotaur Berserker on Dec 16, 2020.
             Was a High Priest of Trog.
             Slain by a yak (7 damage)
             ... on level 1 of the Lair of Beasts.
             The game lasted 00:27:50 (7241 turns).

Sekkong the Protected (Minotaur Berserker)          Turns: 7241, Time: 00:27:51

Health: -5/93      AC: 12    Str: 21    XL:     10   Next: 70%
Magic:  9/9        EV: 17    Int:  7    God:    Trog [*****.]
Gold:   467        SH:  0    Dex: 17    Spells: 9/9 levels left

rFire    . . .     SeeInvis .   x - +2 flail (drain)
rCold    . . .     Faith    .   (no shield)
rNeg     + . .     Spirit   .   G - +2 ring mail {Will+}
rPois    .         Reflect  .   (helmet restricted)
rElec    .         Harm     .   g - +0 cloak
rCorr    .         Rampage  .   w - +0 pair of gloves
Will     +....                  (no boots)
Stlth    +.........             j - amulet of regeneration
HPRegen  0.65/turn              e - ring of positive energy
MPRegen  0.11/turn              p - +6 ring of dexterity

@: lethally poisoned (-5 -> -5)
A: retaliatory headbutt, horns 2
a: Berserk, Trog's Hand, Brothers in Arms, Renounce Religion


You were on level 1 of the Lair of Beasts.
You worshipped Trog.
Trog was extremely pleased with you.
You visited 2 branches of the dungeon, and saw 9 of its levels.

You collected 532 gold pieces.
You spent 65 gold pieces at shops.

Inventory:

Hand Weapons
 x - a +2 flail of draining (weapon)
 y - a +2 antimagic dire flail
Missiles
 f - 16 boomerangs (quivered)
 u - 14 silver boomerangs
Armour
 g - a +0 cloak (worn)
 w - a +0 pair of gloves (worn)
 G - a +2 ring mail of willpower (worn)
Jewellery
 a - an uncursed ring of protection from cold
 e - a ring of positive energy (left hand)
 j - an amulet of regeneration (around neck)
 p - a +6 ring of dexterity (right hand)
 A - a +4 ring of protection
Wands
 r - a wand of flame (50)
Scrolls
 k - a scroll of immolation {unknown}
 l - 3 scrolls of teleportation
 o - 4 scrolls of fear
 s - 2 scrolls of enchant armour
 t - a scroll of torment {unknown}
 D - a scroll of enchant weapon
 F - 2 scrolls of remove curse
Potions
 b - a potion of berserk rage
 c - 5 potions of haste
 d - a potion of flight {unknown}
 h - 2 potions of brilliance {unknown}
 i - a potion of attraction {unknown}
 m - 2 potions of might {unknown}
 n - 2 potions of degeneration {unknown}
 q - 3 potions of heal wounds
 v - 4 potions of curing
 z - a potion of mutation {unknown}
 B - a potion of magic {unknown}
 C - 2 potions of cancellation {unknown}
 E - a potion of resistance {unknown}


   Skills:
 - Level 10.0 Fighting
 - Level 10.0 Maces & Flails
 - Level 11.0 Armour
 + Level 8.6 Dodging
 + Level 2.1 Evocations


You had 9 spell levels left.
You didn't know any spells.
Your spell library was empty.

Dungeon Overview and Level Annotations

Branches:
Dungeon (8/15)             Temple (0/1) D:5            Lair (1/6) D:8

Altars:
Dithmenos
Elyvilon
Gozag
Hepliaklqana
Makhleb
Nemelex Xobeh
Qazlal
Uskayaw
Vehumet
The Shining One

Shops:
D:4 =*!


Innate Abilities, Weirdness & Mutations

You reflexively headbutt those who attack you in melee.
You have a pair of horns on your head.


Message History

The yak barely misses you. The yak gores you but does no damage.
You feel sick. The yak gores you!
* * * LOW HITPOINT WARNING * * *
The yak completely misses you. You furiously retaliate!
You headbutt the yak.
You see here a cane toad corpse.
You hit the yak.
The yak is moderately wounded.
The yak gores you but does no damage. The yak gores you!
* * * LOW HITPOINT WARNING * * *
You barely miss the yak.
The yak is moderately wounded.
The yak gores you.
* * * LOW HITPOINT WARNING * * *
The yak barely misses you.
You hit the yak. You drain the yak. You headbutt the yak, but do no damage.
The yak is heavily wounded.
You feel sick. The yak gores you.
* * * LOW HITPOINT WARNING * * *
The yak gores you!
You die...

#.###....# #P#####.#
#..:....#. ........#
#......... .........
#...##.### ...Y....# #...#
## .....!..# #...# ........#
#### #...## #
........###Y.######....#####
......†....@................
...........Y................
########.####..##.##..##.###
### ########### ##


You could see 2 yaks.

Vanquished Creatures
  A hydra (Lair:1)
  A two-headed ogre (D:6)
  Joseph (D:7)
  A cane toad (Lair:1)
  Maggie (D:7)
  A komodo dragon (D:8)
  Sigmund (D:4)
  Eustachio (D:4)
  5 yaks (Lair:1)
  Edmund (D:4)
  2 water moccasins (Lair:1)
  An orc warrior (D:6)
  A black bear (Lair:1)
  An eye of draining (D:6)
  2 ogres
  2 phantoms
  4 centaurs
  4 bullfrogs
  2 scorpions
  A water moccasin skeleton (D:7)
  3 wights (D:7)
  2 howler monkeys
  A centaur zombie (D:5)
  6 hounds
  7 orc priests
  A gnoll shaman (D:4)
  2 jellies
  4 orc wizards
  2 centaur skeletons (D:4)
  3 iguanas
  Natasha (D:3)
  5 worker ants
  A hound skeleton (D:7)
  A howler monkey skeleton (D:4)
  8 adders
  9 gnolls
  A white imp (D:6)
  An ufetubus (D:7)
  An ooze (D:1)
  An adder zombie (D:8)
  An adder skeleton (D:4)
  2 worms (D:3)
  A dart slug (D:2)
  6 leopard geckos
  21 orcs
  10 bats
  6 giant cockroaches
  5 goblins
  8 hobgoblins
  4 jackals (D:4)
  4 quokkas
  12 frilled lizards
  10 kobolds
  A leopard gecko skeleton (D:5)
  A leopard gecko zombie (D:7)
  A quokka skeleton (D:4)
  16 rats
203 creatures vanquished.

Vanquished Creatures (others)
  A fungus (Lair:1)
  8 plants
9 creatures vanquished.

Grand Total: 212 creatures vanquished

Notes
Turn   | Place    | Note
-------+----------+-------------------------------------------
     0 | D:1      | Sekkong the Minotaur Berserker began the quest for the Orb.
     0 | D:1      | Reached XP level 1. HP: 19/19 MP: 0/0
    23 | D:1      | Reached XP level 2. HP: 22/26 MP: 1/1
   576 | D:1      | Reached skill level 5 in Maces & Flails
   650 | D:1      | Reached ** piety under Trog
   710 | D:1      | Reached XP level 3. HP: 29/31 MP: 2/2
  1707 | D:2      | Reached XP level 4. HP: 39/39 MP: 3/3
  1835 | D:2      | Found a glowing golden altar of the Shining One.
  2159 | D:3      | Found an opulent altar of Gozag.
  2389 | D:3      | Reached *** piety under Trog
  2518 | D:3      | Found a stormy altar of Qazlal.
  2984 | D:4      | Noticed Natasha
  2990 | D:3      | Killed Natasha
  2991 | D:3      | Reached XP level 5. HP: 33/45 MP: 4/4
  3112 | D:4      | Reached XP level 6. HP: 47/51 MP: 5/5
  3112 | D:4      | Noticed Sigmund
  3119 | D:4      | Killed Sigmund
  3188 | D:4      | Found Raasahat's Distillery.
  3198 | D:4      | Bought a potion of heal wounds for 65 gold pieces
  3205 | D:4      | Noticed Eustachio
  3216 | D:4      | Killed Eustachio
  3217 | D:4      | Reached skill level 10 in Maces & Flails
  3217 | D:4      | Reached XP level 7. HP: 57/57 MP: 6/6
  3315 | D:4      | Found Peosuur's Assorted Antiques.
  3347 | D:4      | Found a radiant altar of Vehumet.
  3535 | D:4      | Reached skill level 5 in Fighting
  3561 | D:4      | Found a hide-covered altar of Uskayaw.
  3564 | D:4      | Reached **** piety under Trog
  3576 | D:4      | Found Heffazac's Jewellery Emporium.
  3620 | D:4      | Noticed Edmund
  3634 | D:4      | Killed Edmund
  3793 | D:5      | Entered Level 5 of the Dungeon
  3832 | D:5      | Reached XP level 8. HP: 28/73 MP: 7/7
  3904 | D:5      | Found a staircase to the Ecumenical Temple.
  4059 | D:5      | Found a sparkling altar of Nemelex Xobeh.
  4451 | D:6      | Reached skill level 10 in Fighting
  4461 | D:6      | Reached skill level 3 in Armour
  4679 | D:6      | Reached ***** piety under Trog
  4684 | D:6      | Reached skill level 4 in Armour
  4751 | D:6      | Noticed a two-headed ogre
  4761 | D:6      | Reached skill level 5 in Armour
  4761 | D:6      | Reached XP level 9. HP: 50/85 MP: 8/8
  4783 | D:6      | Killed a two-headed ogre
  4784 | D:6      | Reached skill level 8 in Armour
  5113 | D:7      | Reached skill level 9 in Armour
  5433 | D:7      | Noticed Joseph
  5449 | D:7      | Killed Joseph
  5450 | D:7      | Reached skill level 10 in Armour
  5450 | D:7      | Reached skill level 1 in Evocations
  5662 | D:7      | Noticed Maggie
  5674 | D:7      | Killed Maggie
  5675 | D:7      | Reached skill level 11 in Armour
  5675 | D:7      | Reached XP level 10. HP: 63/93 MP: 9/9
  6047 | D:8      | Found a shadowy altar of Dithmenos.
  6545 | D:8      | Found a staircase to the Lair.
  6674 | D:8      | Found a burning altar of Makhleb.
  6674 | D:8      | Found a white marble altar of Elyvilon.
  6675 | D:8      | Found a hazy altar of Hepliaklqana.
  6839 | Lair:1   | Entered Level 1 of the Lair of Beasts
  6858 | Lair:1   | Reached skill level 5 in Dodging
  6918 | Lair:1   | Noticed a five-headed hydra
  6927 | Lair:1   | Killed a five-headed hydra
  7217 | Lair:1   | Noticed a cane toad
  7220 | Lair:1   | Received a gift from Trog
  7237 | Lair:1   | Killed a cane toad
  7240 | Lair:1   | HP: 4/93 [yak (2)]
  7241 | Lair:1   | Slain by a yak

Illustrated notes

Levels and vault maps discovered:
D:1:      dpeg_arrival_ratfight, layout_basic
D:2:      minmay_wonky_spiral, layout_loops_ring, nicolae_tso_swordbearing_angel
D:3:      layout_loops_corners, grunt_qazlal_sundering, lemuel_crystal_altar
D:4:      layout_loops_ring, overflow_temple_1_default,
          nicolae_overflow_crystal_walls, serial_shops, nicolae_shop_crystal,
          nicolae_shop_trees, kennysheep_mini_moat, uniq_natasha,
          uniq_eustachio, uniq_edmund, uniq_sigmund
D:5:      layout_rooms, nemelex_altar_shiori, minmay_temple_entry_large_hall
D:6:      layout_cave_pools
D:7:      layout_gridville, uniq_joseph, uniq_maggie
D:8:      layout_loops_cross, gammafunk_temple_overflow_claw,
          david_lair_shrubbed, nicolae_dithmenos_shadow_blocks
Lair:1:   layout_chaotic_city, grunt_megastairs_2, uniq_harold, uniq_urug

Skill      XL: |  1  2  3  4  5  6  7  8  9 10 |
---------------+-------------------------------+-----
Maces & Flails | 4 5 7 8 10 | 10.0
Fighting       | 7 10 | 10.0
Armour         | 5 11 | 11.0
Evocations     | 1 2 |  2.1
Dodging        | 8 |  8.6

Action                   |  1- 3 |  4- 6 |  7- 9 | 10-12 || total
-------------------------+-------+-------+-------+-------++-------
Melee: Mace              |    87 |    89 |    26 |       ||   202
       Headbutt          |    11 |    14 |    49 |    26 ||   100
       Flail             |       |       |   167 |    95 ||   262
Invok: Berserk           |       |     3 |     3 |       ||     6
Evoke: Wand              |       |       |     1 |       ||     1
  Use: Scroll            |     4 |     2 |     3 |     6 ||    15
 Stab: Sleeping          |       |     1 |       |       ||     1
Armor: Animal skin       |    17 |     3 |       |       ||    20
       Ring mail         |       |    24 |    86 |    44 ||   154
Dodge: Dodged            |    73 |    69 |   139 |    69 ||   350

Table legend: (Time is in decaauts)
 A = Elapsed time spent in this place.
 B = Non-inter-level travel time spent in this place.
 C = Inter-level travel time spent in this place.
 D = Time resting spent in this place.
 E = Time spent auto-exploring this place.
 F = Levels seen in this place.
 G = Mean time per level.
                   A        B        C        D        E       F      G
               +--------+--------+--------+--------+--------+-----+--------+
         Total |   7283 |   6915 |    368 |    314 |   4219 |   9 |  809.2 |
       Dungeon |   6886 |   6518 |    368 |    246 |   4219 |   8 |  860.8 |
          Lair |    397 |    397 |      0 |     68 |      0 |   1 |  397.0 |
               +--------+--------+--------+--------+--------+-----+--------+

Top non-repeatable levels by time:
     D:1: 1093 daAuts
     D:2: 981 daAuts
     D:3: 965 daAuts
     D:7: 938 daAuts
     D:8: 813 daAuts
     D:4: 801 daAuts
     D:6: 712 daAuts
     D:5: 580 daAuts
  Lair:1: 397 daAuts
